 Dungeon Crawl Stone Soup version 0.19.5 (webtiles) character file.

298 McKennaii the Magician (level 6, 0/33 HPs)
             Began as a Deep Elf Fire Elementalist on May 16, 2017.
             Killed by divine providence
             ... invoked by an orc priest
              (8 damage)
             ... on level 3 of the Dungeon.
             The game lasted 00:06:19 (2672 turns).

McKennaii the Magician (Deep Elf Fire Elementalist) Turns: 2672, Time: 00:06:20

Health: 0/33       AC:  4    Str:  5    XL:     6   Next: 13%
Magic:  1/15       EV: 13    Int: 22    God:
Gold:   162        SH:  0    Dex: 15    Spells: 3 memorised, 9 levels left

rFire  . . .     SeeInvis .     (no weapon)
rCold  . . .     Gourm    .     a - +0 leather armour {MR+}
rNeg   . . .     Faith    .     (no shield)
rPois  .         Spirit   .     k - +0 helmet
rElec  .         Reflect  .     (no cloak)
rCorr  .         Harm     .     (no gloves)
MR     +....                    (no boots)
Stlth  ++........               (no amulet)
                                (no ring)
                                (no ring)

@: no status effects
A: no striking features
a: no special abilities


You were on level 3 of the Dungeon.
You were not hungry.

You visited 1 branch of the dungeon, and saw 3 of its levels.

You collected 162 gold pieces.

Inventory:

Armour
 a - a +0 leather armour of magic resistance (worn)
 k - a +0 helmet (worn)
Scrolls
 h - 4 scrolls of identify
Potions
 e - 3 potions of curing
 f - 2 potions of magic {unknown}
Books
 b - a book of Flames

   Spells                             Type                      Level
   a - Flame Tongue                   Conjuration/Fire             1
   b - Throw Flame                    Conjuration/Fire             2
   c - Conjure Flame                  Conjuration/Fire             3
   d - Inner Flame                    Hexes/Fire                   3
   e - Sticky Flame                   Conjuration/Fire             4
   f - Fireball                       Conjuration/Fire             5
Comestibles
 c - 3 bread rations
 d - a slice of pizza
 i - 3 fruits


   Skills:
 + Level 0.5 Fighting
 + Level 1.0 Armour
 + Level 3.6 Dodging
 + Level 2.9 Stealth
 + Level 5.3 Spellcasting
 + Level 2.8 Conjurations
 + Level 4.7 Fire Magic


You had 9 spell levels left.
You knew the following spells:

 Your Spells              Type           Power        Failure   Level  Hunger
a - Flame Tongue          Conj/Fire      ###..        3%          1    None
b - Throw Flame           Conj/Fire      ###...       6%          2    None
c - Conjure Flame         Conj/Fire      ###.....     12%         3    ##.....


Dungeon Overview and Level Annotations

Branches:
Dungeon (3/15)

Altars:


Message History

Confirm with . or Enter, or press ? or * to list all spells.
Aiming: Flame Tongue
Press: ? - help, Shift-Dir - straight line, f - orc priest
Aim: an orc priest, wielding a hand axe The flame tongue hits something.
Reactivating autopickup.
You feel a bit more experienced.
The orc priest mumbles some strange prayers to Beogh against you.
Pain shoots through your body!
Casting: Flame Tongue
Confirm with . or Enter, or press ? or * to list all spells.
You don't have enough magic to cast that spell.
The orc priest invokes the aid of Beogh against you.
You resist with some effort.
The orc priest mumbles some strange prayers to Beogh against you.
Beogh smites you!
* * * LOW HITPOINT WARNING * * *
The orc priest mumbles some strange prayers to Beogh against you.
Beogh smites you!
You die...

.........#...........#........#.#
.........########..........#..#.#
#........+.......(...##.#.....#.#
#.)......#######.....+........#.#
.........##*** #.....##.##[#..#.#
............,* #.....##.#.....#.#
............,**#.....##.##....#.#
#.##.........+,#.....##.#.....#.#
#..###.#.....*,#@#'####.#.....#.#
##+#**.#####**,#.#.# #.#.....#.#
,,,,,,.# *,#.#.# #.#........
,,,,,,,* *,#.#.# #.#....####
,,,,,,,* *,#.#.####'#.##.....
,,,,,,,* *,#)#.##..........<#
,,,,,,,* *,#)#.##.....###....
,,,,,,,* *,#o#.##.....###.###
,,,,,,,* *,#)#,*##...<....#*,


You could see an orc priest.

Vanquished Creatures
  A hungry ghost (D:3)
  2 orc wizards
  2 adders
  2 worms
  A leopard gecko (D:1)
  15 orcs (D:3)
  8 bats
  5 giant cockroaches
  5 goblins
  7 hobgoblins
  4 jackals
  A quokka (D:2)
  5 frilled lizards
  5 kobolds
  4 rats
67 creatures vanquished.

Notes
Turn   | Place    | Note
-------+----------+-------------------------------------------
     0 | D:1      | McKennaii the Deep Elf Fire Elementalist began the quest for the Orb.
     0 | D:1      | Reached XP level 1. HP: 10/10 MP: 6/6
   247 | D:1      | Reached XP level 2. HP: 15/15 MP: 0/8
  1126 | D:2      | Reached XP level 3. HP: 19/19 MP: 2/10
  1132 | D:2      | Learned a level 2 spell: Throw Flame
  1136 | D:2      | Learned a level 3 spell: Conjure Flame
  1975 | D:2      | Reached skill level 4 in Spellcasting
  1975 | D:2      | Reached XP level 4. HP: 8/24 MP: 0/12
  2390 | D:3      | Noticed a hungry ghost
  2421 | D:3      | Killed a hungry ghost
  2421 | D:3      | Reached skill level 5 in Spellcasting
  2421 | D:3      | Reached XP level 5. HP: 24/28 MP: 0/14
  2588 | D:3      | Reached XP level 6. HP: 29/33 MP: 0/15
  2600 | D:3      | Reached skill level 1 in Armour
  2672 | D:3      | Killed from afar by an orc priest

Skill      XL: |  1  2  3  4  5  6 |
---------------+-------------------+-----
Fire Magic     | 4 |  4.7
Dodging        | 3 |  3.6
Spellcasting   | 4 5 |  5.3
Conjurations   | 2 |  2.8
Armour         | 1 |  1.0
Fighting       | |  0.5
Stealth        | |  2.9

Action                   |  1- 3 |  4- 6 || total
-------------------------+-------+-------++-------
Melee: Unarmed           |     1 |     2 ||     3
 Cast: Flame Tongue      |    93 |    61 ||   154
       Throw Flame       |       |     2 ||     2
  Use: Scroll            |     4 |     3 ||     7
  Eat: Chunk             |     3 |     2 ||     5
       Beef jerky        |       |     1 ||     1
Armor: Ring mail         |    22 |     7 ||    29
       Robe              |     2 |       ||     2
Dodge: Dodged            |    35 |    23 ||    58
